 Dungeon Crawl Stone Soup version 0.29.1-12-g30fa7ad0bf (webtiles) character file.

Game seed: 14590372867342068729

1 Gabide the Trooper (level 1, -1/18 HPs)
             Began as a Formicid Berserker on Dec 17, 2022.
             Was a Follower of Trog.
             Killed from afar by a dart slug (4 damage)
             ... with a slug dart
             ... on level 1 of the Dungeon.
             The game lasted 00:00:07 (44 turns).

Gabide the Trooper (Formicid Berserker)               Turns: 44, Time: 00:00:09

Health: -1/18      AC:  2    Str: 21    XL:     1   Next: 22%
Magic:  1/1        EV: 12    Int:  6    God:    Trog [*.....]
Gold:   0          SH:  0    Dex: 13    Spells: 0/0 levels left

rFire   . . .      SeeInvis +   a - +0 mace
rCold   . . .      Faith    .   (no shield)
rNeg    . . .      Spirit   .   b - +0 animal skin
rPois   .          Reflect  .   (helmet unavailable)
rElec   .          Harm     .   (no cloak)
rCorr   .          Rampage  .   (no gloves)
Will    .....                   (no boots)
Stlth   +.........              (no amulet)
HPRegen 0.06/turn               (no ring)
MPRegen 0.07/turn               (no ring)

@: no status effects
A: permanent stasis, dig shafts and tunnels, antennae 3, four strong arms
a: Dig, Shaft Self, Renounce Religion


You were on level 1 of the Dungeon.
You worshipped Trog.
Trog was aware of your devotion.
You visited 1 branch of the dungeon, and saw 1 of its levels.

Inventory:

Hand Weapons
 a - a +0 mace (weapon)
Armour
 b - a +0 animal skin (worn)
Scrolls
 c - a scroll of poison {unknown}


   Skills:
 * Level 3.3 Fighting
 * Level 3.0 Maces & Flails
 - Level 2.1 Armour
 + Level 1.8 Dodging


You couldn't memorise any spells.
You didn't know any spells.
Your spell library was empty.

Dungeon Overview and Level Annotations

Branches:
Dungeon (1/15)

Altars:


Innate Abilities, Weirdness & Mutations

You cannot be hasted, slowed, berserked, paralysed or teleported.
You can dig through walls and to a lower floor.
You have a pair of large antennae on your head. (SInv)
Your four strong arms can wield two-handed weapons with a shield.


Message History

You are too injured to fight recklessly!
You are too injured to fight recklessly!
You are too injured to fight recklessly!
You are too injured to fight recklessly!
You are too injured to fight recklessly!
You are too injured to fight recklessly!
You are too injured to fight recklessly!
You are too injured to fight recklessly!
You are too injured to fight recklessly!
You are too injured to fight recklessly!
The ball python attacks as you move away!
The ball python bites you but does no damage.
The ball python closely misses you. The kobold barely misses you.
The kobold attacks as you move away! The kobold barely misses you.
The kobold throws a stone.
The stone misses you.
The ball python attacks as you move away!
The ball python bites you.
* * * LOW HITPOINT WARNING * * *
The ball python closely misses you. The ball python barely misses you.
The ball python closely misses you.
You closely miss the ball python.
The ball python bites you but does no damage.
The ball python closely misses you.
You barely miss the ball python. The ball python barely misses you. x2
The ball python closely misses you. The ball python grabs you.
The ball python constricts you.
You hit the ball python but do no damage.
The ball python closely misses you. The ball python constricts you.
* * * LOW HITPOINT WARNING * * *
You closely miss the ball python. The ball python completely misses you.
The ball python constricts you.
The ball python bites you but does no damage.
The ball python constricts you.
You sock the ball python!
You kill the ball python!
Trog accepts your kill.
The kobold throws a stone.
The stone hits you but does no damage. The dart slug launches a dart at you.
The slug dart hits you.
You die...

........####
........## #........#
#........#### ##{
#....)......#######.#
#..#.#..............#
.....#########†....##
...## #######.......#
##. #.......#@######.
. ...#######.###$...
##....Kw...#
###......#####
##........##
...........#
###.$.........#
#..#...#...#.#
#....#...#...#


You could see a dart slug and a kobold.

Vanquished Creatures
  A giant cockroach (D:1)
  A ball python (D:1)
2 creatures vanquished.

Notes
Turn   | Place    | Note
-------+----------+-------------------------------------------
     0 | D:1      | Gabide the Formicid Berserker began the quest for the Orb.
     0 | D:1      | Reached XP level 1. HP: 18/18 MP: 1/1
    44 | D:1      | Killed from afar by a dart slug

Illustrated notes

Levels and vault maps discovered:
D:1:      dpeg_arrival_connections, layout_rooms, basic_ecumenical_altar,
          minmay_misc_feat_five, minmay_misc_feat_four_crosses,
          solitary_fountain, minmay_misc_feat_alley

Action                   || total
-------------------------++-------
Melee: Mace              ||     9
Armor: Animal skin       ||     6
Dodge: Dodged            ||    20
